 Dungeon Sprint DCSS version 0.30-a0-632-g346586fe48 (webtiles) character file.

Game seed: 7790187176987047220

4400000 NinjaNoafa the Intangible (level 24, -90/270 HPs)
             Began as a Djinni Warper on Jan 13, 2023.
             Was the Champion of Makhleb.
             Annihilated by a sculptor of flesh
             ... wielding a +9 great sword
              (123 damage)
             ... in the Dungeon (Sprint VIII: "Arena of Blood").
             The game lasted 00:01:56 (44 turns).

NinjaNoafa the Intangible (Djinni Warper)             Turns: 44, Time: 00:01:57

Health: -90/270    AC: 32    Str: 10    XL:     24   Next: 96%
Gold:   0          EV: 28    Int: 24    God:    Makhleb [******] SH:  0 Dex: 16

rFire   + + .      SeeInvis .    j - +∞ Axe of Woe
rCold   x . .      Faith    .    (shield currently unavailable)
rNeg    + . .      Spirit   .    (body armour currently unavailable)
rPois   ∞          Reflect  .    (no helmet)
rElec   +          Harm     .    (no cloak)
rCorr   .          Rampage  .    (gloves currently unavailable)
Will    ++...      NoTele   +    (boots unavailable)
Stlth   +++++++                  (no amulet)
HPRegen 0.65/turn                (no ring)
MPRegen 0.00/turn                (no ring)

@: statue-form, flying, very slow
A: slow and powerful, torment resistance 1, flying, boosted hp, sickness
immunity, fire resistance 2, cold vulnerability 1, float, innate caster, HP
casting, extra vitality 1
a: End Transformation, Renounce Religion, Minor Destruction, Lesser Servant of
Makhleb, Major Destruction, Greater Servant of Makhleb


You were in the Dungeon.
You worshipped Makhleb.
Makhleb was exalted by your worship.
You were a living statue of rough stone.
You visited 1 branch

Inventory:

Hand Weapons
 a - a +0 hand axe
 j - the +∞ Axe of Woe (weapon)
   (You found it in the Dungeon)
Missiles
 d - 7 boomerangs of dispersal
Armour
 b - a +0 leather armour (melded)
Potions
 e - a potion of curing
 f - a potion of heal wounds
 g - a potion of haste
 h - 2 potions of magic
 i - a potion of berserk rage


   Skills:
 O Level 27 Fighting
 + Level 18.4(21.1) Short Blades
 + Level 17.5(20.7) Long Blades
 O Level 27 Axes
 + Level 16.2(25.1) Maces & Flails
 + Level 16.2(25.1) Polearms
 + Level 17.5(22.8) Staves
 + Level 16.2 Ranged Weapons
 O Level 27 Throwing
 O Level 27 Armour
 O Level 27 Dodging
 + Level 17.5 Stealth
 + Level 19.0 Shields
 + Level 19.0 Unarmed Combat
 O Level 27 Spellcasting
 + Level 19.0 Invocations
 + Level 19.0 Evocations


You had 11 spell levels left.
You knew the following spells:

 Your Spells              Type           Power      Damage    Failure   Level
a - Blink                 Tloc           100%       N/A       0%          2
b - Lesser Beckoning      Tloc           100%       N/A       0%          3
c - Vhi's Electric Charg  Tloc/Air       100%       N/A       0%          3
d - Teleport Other        Tloc           100%       N/A       0%          3
e - Manifold Assault      Tloc           100%       N/A       0%          4
f - Apportation           Tloc           100%       N/A       0%          1
g - Searing Ray           Conj           100%       2d8       0%          2
h - Portal Projectile     Hex/Tloc       100%       N/A       0%          3
i - Fulminant Prism       Conj/Hex       52%        3d22      0%          4
j - Airstrike             Air            52%        2d(8-24)  0%          4
k - Iskenderun's Battles  Conj           100%       2d15      0%          5
l - Conjure Ball Lightni  Conj/Air       52%        3x3d18    0%          6
m - Summon Cactus Giant   Summ           52%        N/A       0%          6
n - Statue Form           Tmut/Erth      69%        N/A       0%          6
o - Haunt                 Necr/Summ      52%        N/A       0%          7
p - Ozocubu's Refrigerat  Ice            52%        4d19      0%          7
Your spell library was empty.

Dungeon Overview and Level Annotations

Branches:
Dungeon (1/1)

Altars:
Makhleb

Annotations:
D The Servant


Innate Abilities, Weirdness & Mutations

You are a living statue of rough stone.
Your actions are slow, but your melee attacks are powerful.
You are resistant to unholy torment.
You are flying.
Your maximum health is greatly increased.
Your equipment is partially melded.
You are immune to sickness and miasma.
You are immune to poison.
Your flesh is very heat resistant. (rF++)
You are vulnerable to cold. (rC-)
You float through the air rather than walking.
You learn spells naturally, not from books.
Your magical power is your life essence.
You have superior vitality. (+4 MHP)


Message History

Makhleb accepts your kill.
You are engulfed in blazing flames.
You resist.
You hear a shout! x2
The bag of meat is engulfed in blazing flames.
You hear a shout!
The bag of meat is engulfed in blazing flames.
You hear a shout! x3
The destroyer is engulfed in blazing flames.
The destroyer gestures at you while chanting.
The destroyer blinks!
Your base Short Blades skill increases to level 18!
Your base Long Blades skill increases to level 17!
Your base Maces & Flails skill increases to level 16!
Your base Polearms skill increases to level 16!
Your base Staves skill increases to level 17!
Your Ranged Weapons skill increases to level 16!
Your Stealth skill increases to level 17!
Your Shields skill increases to level 19!
Your Unarmed Combat skill increases to level 19!
Your Invocations skill increases to level 19!
Your Evocations skill increases to level 19!
A sculptor of flesh comes into view. It is wielding a +9 great sword.
The tyrant appears out of thin air!
A tyrant comes into view.
You hear a shout! x4
The destroyer is engulfed in blazing flames.
The sculptor of flesh hits you with a +9 great sword!!!!!
Ouch! That really hurt!
* * * LOW HITPOINT WARNING * * *
The destroyer gestures at you while chanting.
The destroyer blinks!
You hear a shout! x2
The large bag of meat is engulfed in blazing flames.
You hear a shout!
The destroyer points at you and mumbles some strange words.
The destroyer blinks!
The tyrant is engulfed in blazing flames.
The bag of meat is engulfed in blazing flames.
The sculptor of flesh hits you with a +9 great sword!!!!
You die...

......#.......#
..
......#)......#.
........oo......
#...............
. .....oo.L.....
#....§o§@.....z#
.....#)OLO....#.
...z.o§V§.....#.
....##)#8°......
........Vz......
###....#§.V..##
....... .......
....... .......
###..... .=.....
###### #######


You could see 2 tyrants, The Servant, 3 destroyers, 3 sculptors of flesh, 2
large bags of meat and 6 bags of meat.

Vanquished Creatures
  5 vampire knights (D)
  12 ogres (D)
  5 two-headed ogres (D)
  A hydra (D)
  40 orcs (D)
  4 skeletal warriors (D)
67 creatures vanquished.

Vanquished Creatures (others)
  A fulminant prism (D)
1 creature vanquished.

Grand Total: 68 creatures vanquished

Notes
Turn   | Place    | Note
-------+----------+-------------------------------------------
     0 | D        | Found the +∞ Axe of Woe
     0 | D        | NinjaNoafa the Djinni Warper began the quest for the Orb.
     0 | D        | NinjaNoafa set off with the following spells memorised:
                  | Blink, Lesser Beckoning, Vhi's Electric Charge, Teleport
                  | Other, Manifold Assault.
     0 | D        | Reached XP level 1. HP: 18/18 MP: 0/0
     2 | D        | Noticed a bag of meat
     4 | D        | Became a worshipper of Makhleb the Destroyer
     6 | D        | Noticed a bag of meat
     7 | D        | Noticed a bag of meat
     8 | D        | Killed a bag of meat
     8 | D        | Noticed a meat berserker
     9 | D        | Reached skill level 10 in Armour
     9 | D        | Reached XP level 2. HP: 37/37 MP: 0/0
     9 | D        | Reached XP level 3. HP: 42/42 MP: 0/0
     9 | D        | Learned a level 1 spell: Apportation
     9 | D        | Reached XP level 4. HP: 49/49 MP: 0/0
     9 | D        | Reached XP level 5. HP: 53/53 MP: 0/0
     9 | D        | Learned a level 2 spell: Searing Ray
     9 | D        | Reached XP level 6. HP: 59/59 MP: 0/0
     9 | D        | Reached XP level 7. HP: 65/65 MP: 0/0
     9 | D        | Learned a level 3 spell: Portal Projectile
     9 | D        | Reached XP level 8. HP: 71/71 MP: 0/0
     9 | D        | Reached XP level 9. HP: 76/76 MP: 0/0
     9 | D        | Learned a level 4 spell: Fulminant Prism
     9 | D        | Reached XP level 10. HP: 82/82 MP: 0/0
     9 | D        | Reached XP level 11. HP: 87/87 MP: 0/0
     9 | D        | Learned a level 4 spell: Airstrike
     9 | D        | Noticed a bag of meat
     9 | D        | Noticed a bag of meat
    11 | D        | Noticed a bag of meat
    11 | D        | Noticed a bag of meat
    12 | D        | Noticed a bag of meat
    12 | D        | Noticed a bag of meat
    12 | D        | Noticed a bag of meat
    13 | D        | Noticed a meat berserker
    13 | D        | Noticed a bag of meat
    14 | D        | Noticed a bag of meat
    14 | D        | Noticed a bag of meat
    14 | D        | Noticed a bag of meat
    14 | D        | Noticed a bag of meat
    14 | D        | Noticed a bag of meat
    14 | D        | Noticed a bag of meat
    15 | D        | Noticed a bag of meat
    15 | D        | Noticed a bag of meat
    15 | D        | Noticed a bag of meat
    15 | D        | Noticed a bag of meat
    15 | D        | Noticed a meat berserker
    15 | D        | Noticed a meat berserker
    15 | D        | Noticed a meat berserker
    15 | D        | Noticed a meat berserker
    16 | D        | Killed a meat berserker
    16 | D        | Reached * piety under Makhleb
    16 | D        | Killed a bag of meat
    16 | D        | Noticed a bag of meat
    17 | D        | Reached XP level 12. HP: 53/101 MP: 0/0
    17 | D        | Reached XP level 13. HP: 56/106 MP: 0/0
    17 | D        | Learned a level 5 spell: Iskenderun's Battlesphere
    17 | D        | Killed a meat berserker
    17 | D        | Killed a bag of meat
    17 | D        | Reached ** piety under Makhleb
    17 | D        | Noticed a destroyer
    17 | D        | Noticed a bag of meat
    17 | D        | Noticed a meat berserker
    17 | D        | Noticed a meat berserker
    17 | D        | Noticed a bag of meat
    17 | D        | Noticed a bag of meat
    18 | D        | Reached XP level 14. HP: 50/117 MP: 0/0
    18 | D        | Killed a meat berserker
    18 | D        | Killed a bag of meat
    18 | D        | Killed a bag of meat
    18 | D        | Reached *** piety under Makhleb
    18 | D        | Killed a bag of meat
    18 | D        | Killed a bag of meat
    18 | D        | Noticed a bag of meat
    18 | D        | Noticed a bag of meat
    18 | D        | Noticed a bag of meat
    19 | D        | Reached skill level 15 in Spellcasting
    19 | D        | Reached XP level 15. HP: 129/129 MP: 0/0
    19 | D        | Learned a level 6 spell: Conjure Ball Lightning
    19 | D        | Reached XP level 16. HP: 136/136 MP: 0/0
    19 | D        | Reached **** piety under Makhleb
    20 | D        | Reached XP level 17. HP: 145/145 MP: 0/0
    20 | D        | Learned a level 6 spell: Summon Cactus Giant
    20 | D        | Killed a meat berserker
    20 | D        | Reached ***** piety under Makhleb
    20 | D        | Killed a destroyer
    20 | D        | Noticed a large bag of meat
    20 | D        | Noticed a large bag of meat
    20 | D        | Noticed a large bag of meat
    21 | D        | Reached XP level 18. HP: 157/157 MP: 0/0
    21 | D        | Killed a meat berserker
    22 | D        | Noticed a meat berserker
    22 | D        | Killed a meat berserker
    22 | D        | Reached ****** piety under Makhleb
    22 | D        | Noticed a destroyer
    23 | D        | Reached skill level 27 in Dodging
    23 | D        | Reached XP level 19. HP: 169/169 MP: 0/0
    23 | D        | Learned a level 6 spell: Statue Form
    24 | D        | Killed a large bag of meat
    24 | D        | Noticed a destroyer
    25 | D        | Noticed a large bag of meat
    25 | D        | Noticed a large bag of meat
    25 | D        | Noticed a meat berserker
    25 | D        | Noticed a meat berserker
    25 | D        | Noticed a meat berserker
    27 | D        | Noticed a meat berserker
    27 | D        | Noticed a large bag of meat
    27 | D        | Killed a destroyer
    27 | D        | Noticed The Servant
    28 | D        | Reached skill level 27 in Fighting
    28 | D        | Reached skill level 27 in Armour
    28 | D        | Reached XP level 20. HP: 181/181 MP: 0/0
    28 | D        | Noticed a destroyer
    28 | D        | Noticed a large bag of meat
    28 | D        | Noticed an eight-headed meat hydra
    29 | D        | Killed a destroyer
    29 | D        | Killed a large bag of meat
    29 | D        | Killed a meat berserker
    30 | D        | Reached XP level 21. HP: 176/187 MP: 0/0
    30 | D        | Learned a level 7 spell: Haunt
    30 | D        | Noticed a large bag of meat
    31 | D        | Reached skill level 27 in Axes
    31 | D        | Reached skill level 27 in Throwing
    31 | D        | Noticed a destroyer
    32 | D        | Killed a nine-headed meat hydra
    32 | D        | Killed a destroyer
    33 | D        | Reached skill level 27 in Spellcasting
    33 | D        | Killed a meat berserker
    33 | D        | Noticed a destroyer
    34 | D        | Reached XP level 22. HP: 191/194 MP: 0/0
    34 | D        | Killed a large bag of meat
    35 | D        | Reached skill level 10 in Short Blades
    35 | D        | Reached skill level 10 in Shields
    35 | D        | Reached skill level 10 in Unarmed Combat
    35 | D        | Reached skill level 10 in Invocations
    35 | D        | Reached skill level 10 in Evocations
    35 | D        | Killed a meat berserker
    36 | D        | Reached skill level 10 in Maces & Flails
    36 | D        | Reached skill level 10 in Polearms
    36 | D        | Reached skill level 10 in Ranged Weapons
    37 | D        | Reached XP level 23. HP: 199/201 MP: 0/0
    37 | D        | Learned a level 7 spell: Ozocubu's Refrigeration
    39 | D        | Killed a large bag of meat
    40 | D        | Reached skill level 15 in Shields
    40 | D        | Reached skill level 15 in Unarmed Combat
    40 | D        | Reached skill level 15 in Invocations
    40 | D        | Reached skill level 15 in Evocations
    40 | D        | Noticed a destroyer
    40 | D        | Killed a large bag of meat
    41 | D        | Reached skill level 15 in Short Blades
    41 | D        | Reached skill level 15 in Long Blades
    41 | D        | Reached skill level 15 in Staves
    41 | D        | Reached skill level 15 in Stealth
    41 | D        | Reached XP level 24. HP: 208/208 MP: 0/0
    42 | D        | Noticed a destroyer
    42 | D        | Killed a destroyer
    42 | D        | Noticed a tyrant
    43 | D        | Reached skill level 15 in Maces & Flails
    43 | D        | Reached skill level 15 in Polearms
    43 | D        | Reached skill level 15 in Ranged Weapons
    44 | D        | Annihilated by a sculptor of flesh

Illustrated notes

Levels and vault maps discovered:
D:        meatsprint

Skill      XL: |  1  2  3  4  5  6  7  8  9 10 11 12 13 14 15 16 17 18 19 20 21 22 23 24 |
---------------+-------------------------------------------------------------------------+-----
Fighting       | 11 14 16 19 20 22 25 27 | 27.0
Axes           | 9 12 14 16 17 19 22 23 26 27 | 27.0
Throwing       | 9 12 14 16 17 19 22 23 26 27 | 27.0
Armour         | 10 14 16 19 20 22 25 27 | 27.0
Dodging        | 12 16 18 21 22 24 27 | 27.0
Spellcasting   | 8 11 13 15 16 18 20 22 24 27 | 27.0
Short Blades   | 8 12 15 18 | 18.4
Long Blades    | 8 11 15 17 | 17.5
Maces & Flails | 7 10 14 16 | 16.2
Polearms       | 7 10 14 16 | 16.2
Staves         | 8 11 15 17 | 17.5
Ranged Weapons | 7 10 14 16 | 16.2
Stealth        | 8 11 15 17 | 17.5
Shields        | 9 12 16 19 | 19.0
Unarmed Combat | 9 12 16 19 | 19.0
Invocations    | 9 12 16 19 | 19.0
Evocations     | 9 12 16 19 | 19.0

Action                   |  1- 3 |  4- 6 |  7- 9 | 10-12 | 13-15 | 16-18 | 19-21 | 22-24 || total
-------------------------+-------+-------+-------+-------+-------+-------+-------+-------++-------
Melee: Executioner's axe |     1 |       |       |     1 |     2 |     4 |     7 |     8 ||    23
 Cast: Fulminant Prism   |       |       |       |     1 |       |       |       |       ||     1
       Statue Form       |       |       |       |       |       |       |       |     1 ||     1
       Ozocubu's Refrige |       |       |       |       |       |       |       |     1 ||     1
  Use: Scroll            |       |       |       |       |       |       |     2 |       ||     2
Armor: Leather armour    |       |       |       |       |       |       |       |     1 ||     1
       Skin              |       |       |       |       |       |       |       |     2 ||     2
Dodge: Dodged            |       |       |       |       |       |       |       |     1 ||     1

Table legend: (Time is in decaauts)
 A = Elapsed time spent in this place.
 B = Non-inter-level travel time spent in this place.
 C = Inter-level travel time spent in this place.
 D = Time resting spent in this place.
 E = Time spent auto-exploring this place.
 F = Levels seen in this place.
 G = Mean time per level.
                   A        B        C        D        E       F      G
               +--------+--------+--------+--------+--------+-----+--------+
         Total |     42 |     42 |      0 |      0 |      0 |   1 |   42.0 |
       Dungeon |     42 |     42 |      0 |      0 |      0 |   1 |   42.0 |
               +--------+--------+--------+--------+--------+-----+--------+

Top non-repeatable levels by time:
       D: 42 daAuts
